Map: Ice and Chrome LE

Players

Serral - Winner!

  • Race: Zerg Zerg
  • Spawn Location: 7:00

INnoVation

  • Race: Terran Terran
  • Spawn Location: 1:00

Event: DreamHack SC2 Masters 2020 Summer Season Finals

VOD

Have the link to the VOD?

Description

Time

  • Played on: July 16, 2020, 11:22 a.m.
  • Length: 24:12

All games in this series

Show
View Real Time Build Order
Export as new Build Order

Serral Zerg - Winner!

Build Orders: Hatch First, Muta Ling Bane 

Get SALT Encoding   

  12  0:00  Drone  
  13  0:12  Overlord  
  13  0:16  Drone  
  14  0:31  Drone x2  
  16  0:47  Hatchery  
  15  0:50  Drone  
  15  0:54  Drone  
  17  0:57  Drone  
  18  1:07  Extractor  
  17  1:12  Spawning Pool  
  17  1:15  Drone  
  17  1:19  Drone  
  18  1:27  Drone  
  19  1:38  Drone  
  20  1:49  Overlord  
  20  1:59  Queen  
  20  2:00  Zergling x2, Queen  
  20  2:01  Zergling x2  
  26  2:10  Drone  
  26  2:11  Drone, Metabolic Boost  
  28  2:21  Drone  
  28  2:22  Drone  
  30  2:34  Hatchery  
  29  2:38  Drone  
  29  2:41  Drone  
  31  2:46  Queen  
  33  2:51  Overlord  
  33  2:54  Drone  
  33  2:56  Drone  
  33  2:58  Drone  
  36  3:08  Pneumatized Carapace  
  36  3:11  Drone x3  
  36  3:12  Drone  
  40  3:16  Overlord  
  40  3:19  Drone  
  41  3:20  Drone  
  41  3:25  Queen  
  44  3:37  Drone  
  44  3:38  Zergling x4  
  47  3:41  Drone x3  
  47  3:45  Drone  
  47  3:47  Queen  
  53  3:50  Zergling x2  
  53  3:54  Overlord  
  55  3:55  Drone x3  
  55  3:56  Drone  
  58  4:05  Overlord  
  58  4:12  Queen  
  58  4:13  Lair  
  58  4:14  Zergling x2  
  58  4:15  Drone  
  58  4:16  Drone x3  
  65  4:18  Drone  
  65  4:23  Overlord  
  66  4:24  Queen  
  66  4:28  Zergling x4  
  66  4:29  Drone  
  66  4:30  Drone  
  72  4:33  Extractor  
  72  4:34  Extractor  
  72  4:35  Drone  
  72  4:36  Baneling Nest  
  70  4:39  Zergling x2  
  70  4:41  Drone x3  
  74  4:46  Drone  
  74  4:48  Queen  
  76  4:57  Zergling x18  
  78  5:05  Drone x2  
  78  5:07  Drone  
  78  5:13  Spore Crawler  
  77  5:14  Extractor  
  77  5:15  Spore Crawler x2  
  77  5:17  Drone x6  
  79  5:28  Drone x2  
  79  5:29  Drone  
  79  5:30  Spire  
  79  5:35  Drone  
  81  5:39  Drone  
  81  5:40  Drone  
  80  5:46  Overlord x3  
  80  5:48  Extractor  
  80  5:49  Extractor  
  78  5:51  Overlord  
  78  6:01  Overlord  
  78  6:05  Baneling x3, Zergling x6  
  78  6:06  Drone x5  
  86  6:11  Drone  
  86  6:12  Drone  
  86  6:16  Drone x3  
  91  6:20  Drone  
  92  6:26  Zergling x6  
  92  6:28  Overlord  
  92  6:29  Drone x2  
  96  6:35  Drone  
  96  6:37  Overlord  
  97  6:45  Hatchery  
  95  6:51  Mutalisk x7  
  108  6:55  Mutalisk x2  
  108  6:58  Zerg Flyer Weapons Level 1  
  112  7:06  Centrifical Hooks, Overlord  
  111  7:08  Drone x2  
  111  7:10  Drone  
  111  7:11  Evolution Chamber x2, Drone  
  111  7:12  Drone  
  111  7:14  Baneling x2  
  114  7:19  Drone  
  114  7:20  Drone x5  
  120  7:30  Overlord  
  120  7:35  Spore Crawler, Extractor  
  120  7:36  Mutalisk x4  
  126  7:38  Drone x2  
  128  7:50  Overlord  
  128  7:54  Mutalisk x4  
  128  7:56  Drone  
  128  7:57  Overlord  
  135  7:59  Overlord  
  135  8:00  Overlord  
  135  8:01  Drone x2  
  135  8:04  Overlord  
  135  8:09  Extractor  
  135  8:11  Zerg Melee Weapons Level 1, Zerg Ground Armor Level 1  
  135  8:12  Drone x2  
  136  8:14  Drone x2  
  136  8:15  Hatchery  
  136  8:17  Drone  
  137  8:21  Mutalisk x2  
  137  8:26  Drone x2  
  143  8:27  Drone  
  143  8:31  Zergling x8  
  143  8:32  Roach Warren, Infestation Pit  
  141  8:41  Mutalisk x3  
  141  8:46  Overlord  
  141  8:47  Drone x3  
  150  8:49  Zergling x4  
  150  8:50  Zergling x10  
  155  8:57  Mutalisk  
  155  8:58  Mutalisk x3  
  163  9:12  Baneling x7  
  163  9:15  Hive  
  160  9:24  Roach  
  160  9:25  Roach x8  
  160  9:26  Overlord  
  160  9:31  Overlord  
  176  9:34  Overlord  
  176  9:35  Overlord  
  176  9:36  Roach x4  
  185  9:39  Zerg Flyer Weapons Level 2  
  185  9:40  Drone  
  185  9:41  Overseer, Drone  
  183  9:47  Drone  
  183  9:48  Drone  
  183  9:50  Extractor  
  183  9:52  Glial Reconstitution, Spine Crawler  
  183  9:53  Ravager x2, Spine Crawler  
  183  9:54  Extractor, Zergling x12  
  182  10:17  Drone  
  182  10:18  Overlord, Spine Crawler  
  182  10:19  Drone  
  183  10:21  Zerg Melee Weapons Level 2  
  183  10:22  Zerg Missile Weapons Level 1, Zergling x2  
  183  10:23  Zergling x24  
  183  10:28  Ravager x8  
  196  10:31  Zergling x6  
  183  10:40  Drone x2  
  178  10:46  Corruptor x5  
  178  10:48  Zergling x12  
  189  11:02  Corruptor x3  
  195  11:06  Hatchery  
  195  11:07  Adrenal Glands  
  194  11:12  Drone  
  194  11:13  Drone x4  
  199  11:23  Hatchery  
  190  11:34  Corruptor x3  
  190  11:36  Corruptor  
  194  11:40  Ravager x2  
  194  11:41  Baneling x3, Ravager  
  194  11:42  Baneling x12  
  194  11:45  Spine Crawler x2  
  189  11:47  Drone x3  
  189  11:48  Drone x2  
  192  11:55  Extractor, Pathogen Glands  
  192  11:56  Ultralisk Cavern, Extractor  
  192  11:57  Spine Crawler x2  
  192  12:00  Overseer, Zergling x16  
  195  12:01  Spore Crawler  
  195  12:08  Overseer  
  194  12:11  Baneling x7, Zergling x12  
  200  12:18  Burrow, Zerg Missile Weapons Level 2  
  200  12:24  Baneling x2  
  200  12:25  Baneling x6  
  200  12:28  Greater Spire  
  172  12:48  Zergling x2  
  172  12:49  Zergling x30  
  170  12:52  Roach x2, Zergling x30  
  189  13:01  Drone x3  
  189  13:02  Drone  
  190  13:06  Spine Crawler  
  190  13:07  Baneling x19  
  189  13:14  Ravager x2  
  189  13:17  Zergling x16  
  199  13:20  Baneling x2  
  199  13:21  Baneling x10  
  196  13:43  Baneling x8  
  196  13:47  Chitinous Plating  
  196  13:50  Zerg Flyer Armor Level 1  
  196  13:54  Zergling x6  
  182  14:16  Roach x2, Zergling x2  
  182  14:17  Roach, Zergling x42  
  156  14:22  Zergling x20  
  166  14:29  Roach x3  
  166  14:30  Roach x2  
  167  14:34  Viper x3  
  167  14:36  Zerg Missile Weapons Level 3, Zerg Melee Weapons Level 3  
  176  14:43  Ravager x3  
  176  14:44  Ultralisk x3  
  196  14:45  Neural Parasite  
  196  14:50  Ravager x3  
  196  14:51  Baneling  
  196  14:52  Baneling x7  
  199  14:59  Ravager  
  189  15:05  Anabolic Synthesis  
  189  15:08  Ultralisk, Zergling x10  
  200  15:24  Baneling x8  
  200  15:25  Baneling  
  200  15:31  Baneling x9  
  200  15:44  Overseer  
  195  16:00  Zergling x16  
  195  16:01  Zerg Flyer Armor Level 2  
  195  16:02  Overseer  
  195  16:03  Baneling x2  
  196  16:11  Spine Crawler  
  181  16:12  Spine Crawler  
  181  16:15  Ultralisk x3, Zergling x32  
  198  16:38  Baneling x4  
  198  16:40  Baneling x4  
  198  16:42  Drone  
  199  16:50  Ultralisk  
  199  16:52  Baneling  
  199  16:53  Baneling x9  
  188  17:13  Zerg Ground Armor Level 2, Zergling x20  
  188  17:14  Zergling x12  
  189  17:19  Zergling x22  
  197  17:24  Infestor  
  199  17:32  Overseer  
  196  17:40  Infestor  
  196  17:44  Baneling x22  
  197  17:45  Baneling x3  
  197  17:46  Hatchery  
  193  17:58  Infestor  
  193  17:59  Baneling x2  
  193  18:04  Infestor x2  
  188  18:07  Queen x4  
  188  18:10  Infestor  
  184  18:13  Zergling x32  
  184  18:17  Zerg Flyer Weapons Level 3  
  198  18:27  Zergling x2  
  183  18:39  Zergling x2  
  183  18:40  Zergling x30  
  185  18:57  Roach  
  185  18:58  Drone x2  
  185  18:59  Hatchery  
  185  19:00  Baneling x4  
  185  19:01  Baneling x4, Zergling x26  
  200  19:06  Spine Crawler  
  200  19:07  Baneling x3  
  200  19:08  Baneling x13  
  199  19:10  Infestor  
  199  19:11  Infestor x2  
  183  19:27  Baneling x6  
  183  19:28  Baneling x3, Roach x2  
  183  19:29  Zergling x24  
  190  19:36  Infestor  
  189  19:40  Zergling x14  
  189  19:41  Baneling x3  
  196  19:51  Infestor x2  
  172  20:06  Zergling x40  
  176  20:11  Roach  
  167  20:22  Baneling  
  167  20:23  Baneling x11  
  167  20:25  Roach, Zergling x2  
  167  20:26  Roach, Zergling x8  
  161  20:36  Baneling x7  
  157  20:49  Ravager x4  
  160  20:50  Ravager x2  
  160  20:51  Mutalisk x7  
  160  20:52  Mutalisk x12  
  160  20:54  Zerg Flyer Armor Level 3  
  160  20:55  Overseer x2  
  160  20:56  Overseer x2  
  198  20:58  Baneling x15  
  198  21:09  Overseer  
  198  21:18  Zergling x6  
  198  21:31  Zergling x24  
  196  21:37  Infestor x4  
  197  21:53  Baneling  
  197  21:58  Zergling x10  
  196  22:04  Baneling x3  
  196  22:05  Overlord x2  
  195  22:10  Overlord  
  195  22:15  Overlord  
  192  22:17  Baneling x17, Overlord  
  192  22:19  Overlord  
  192  22:23  Overlord  
  192  22:24  Overlord  
  187  22:38  Zergling x18  
  187  22:39  Zergling x2  
  185  22:52  Zergling x30  
  193  23:05  Ultralisk, Zergling x8  
  188  23:16  Baneling x3, Roach x2, Zergling x16  
  200  23:23  Hatchery  
  187  23:32  Drone x4  
  188  23:34  Spore Crawler  
  188  23:39  Zergling x2  
  188  23:40  Zergling x24  
Show
View Real Time Build Order
Export as new Build Order

INnoVation Terran 

Build Orders: Hellion Opening, Reaper Expand, Mech 

Get SALT Encoding   

  12  0:00  SCV  
  13  0:13  SCV  
  14  0:17  Supply Depot  
  14  0:25  SCV  
  15  0:38  SCV  
  15  0:41  Barracks  
  16  0:43  Refinery  
  16  0:51  SCV  
  17  1:03  SCV  
  18  1:15  SCV  
  19  1:28  Orbital Command, Reaper  
  20  1:39  Command Center  
  20  1:50  Supply Depot  
  20  1:54  SCV  
  21  2:00  Marine  
  22  2:06  SCV  
  23  2:09  Factory  
  23  2:13  Refinery  
  23  2:18  SCV  
  23  2:20  Barracks Reactor  
  24  2:30  SCV  
  25  2:42  SCV  
  26  2:51  Orbital Command  
  26  2:54  SCV  
  26  2:55  Starport  
  27  3:03  Hellion  
  27  3:04  Hellion  
  31  3:06  SCV  
  32  3:14  Supply Depot  
  32  3:16  SCV  
  32  3:18  SCV  
  34  3:25  Hellion x2  
  38  3:28  SCV  
  38  3:30  SCV  
  38  3:31  Fusion Core  
  38  3:32  Starport Tech Lab  
  40  3:41  SCV  
  41  3:43  SCV  
  41  3:46  Hellion x2  
  41  3:47  Supply Depot  
  46  3:53  SCV  
  46  3:55  SCV  
  48  4:06  SCV  
  48  4:07  SCV  
  48  4:08  Hellion x2  
  54  4:13  Supply Depot  
  54  4:18  Battlecruiser  
  54  4:21  SCV x2  
  62  4:33  Command Center  
  62  4:36  SCV x2  
  64  4:40  Refinery  
  64  4:41  Refinery  
  64  4:45  Supply Depot  
  62  4:53  SCV x2  
  62  5:00  Hellion x2  
  62  5:05  SCV  
  62  5:06  SCV  
  60  5:07  Factory  
  60  5:08  Factory  
  58  5:18  SCV x2  
  59  5:21  Hellion x2  
  61  5:30  SCV x2  
  61  5:32  Battlecruiser  
  69  5:42  SCV x2  
  75  5:43  Hellion x2  
  75  5:46  Orbital Command  
  75  5:48  Weapon Refit  
  75  5:52  Factory Tech Lab x2  
  75  5:54  SCV x2  
  77  6:06  Refinery, Hellion x2, SCV x2  
  77  6:09  Refinery  
  83  6:16  Siege Tank x2  
  89  6:21  Supply Depot  
  89  6:22  SCV x2  
  89  6:23  Supply Depot  
  89  6:35  SCV x2  
  91  6:40  Engineering Bay  
  91  6:45  Battlecruiser  
  92  6:47  SCV x2  
  92  6:51  Orbital Command  
  92  6:53  Supply Depot  
  94  6:56  Hellion x2  
  94  6:59  SCV x2  
  100  7:04  Armory  
  100  7:07  Armory  
  100  7:11  SCV  
  100  7:12  SCV  
  106  7:23  SCV  
  106  7:25  SCV x2  
  109  7:33  Missile Turret  
  109  7:34  Missile Turret  
  109  7:35  SCV  
  109  7:36  Missile Turret  
  98  7:39  Cyclone x2  
  98  7:40  Widow Mine x2  
  98  7:41  SCV x2  
  108  7:47  SCV  
  105  7:53  Battlecruiser  
  105  7:57  SCV x2  
  107  7:59  SCV  
  107  8:04  Terran Vehicle Weapons Level 1  
  107  8:05  Terran Vehicle And Ship Armor Level 1  
  105  8:09  SCV x2  
  105  8:11  SCV  
  108  8:15  Thor  
  108  8:16  Missile Turret  
  108  8:17  Missile Turret  
  114  8:25  Hellion x2  
  114  8:26  SCV  
  117  8:28  SCV x2  
  110  8:34  Supply Depot  
  110  8:35  Supply Depot x2  
  110  8:39  Refinery  
  110  8:40  SCV x3  
  100  8:49  Thor  
  100  8:52  Hellion x2, SCV  
  100  8:53  SCV x2  
  111  8:58  Thor  
  117  9:04  SCV  
  117  9:05  SCV x2  
  114  9:11  Factory  
  114  9:14  Factory  
  114  9:17  SCV x3  
  114  9:22  Hellion  
  114  9:23  Hellion  
  118  9:30  Missile Turret  
  110  9:31  SCV  
  110  9:32  SCV x2, Thor  
  110  9:37  Barracks Reactor  
  119  9:44  SCV x3, Thor  
  128  9:48  Supply Depot  
  128  9:50  Supply Depot  
  128  9:54  Hellion x2  
  128  9:56  SCV  
  133  10:02  SCV  
  133  10:03  SCV  
  132  10:08  SCV  
  132  10:09  Refinery  
  128  10:14  SCV  
  128  10:15  SCV  
  128  10:20  Thor, SCV  
  137  10:27  Terran Vehicle Weapons Level 2, SCV x2, Terran Vehicle And Ship Armor Level 2  
  139  10:29  Hellion x2  
  143  10:36  SCV  
  143  10:39  SCV  
  143  10:41  Supply Depot  
  145  10:43  Supply Depot  
  145  10:44  Supply Depot  
  145  10:45  Siege Tank  
  148  10:54  SCV  
  148  10:55  Sensor Tower  
  149  10:57  Supply Depot  
  149  11:02  Siege Tank, SCV  
  153  11:05  Siege Tank  
  156  11:13  Command Center  
  156  11:18  Supply Depot  
  156  11:24  Siege Tank  
  153  11:34  Siege Tank  
  156  11:42  Infernal Pre-Igniter, Mag-Field Accelerator  
  156  11:43  Factory  
  156  11:46  Factory x2  
  155  11:51  Siege Tank  
  155  11:52  Hellion x4  
  167  11:54  SCV x2  
  167  12:00  Supply Depot  
  168  12:07  SCV x2  
  168  12:08  SCV  
  171  12:13  Cyclone x2  
  177  12:23  Cyclone, SCV x3  
  183  12:30  Factory Tech Lab x2  
  183  12:35  Refinery, SCV x3  
  183  12:36  Factory Reactor  
  186  12:40  Factory Reactor  
  156  12:46  Cyclone x2  
  156  12:48  Hellion x4  
  161  12:54  SCV x4  
  161  12:55  Cyclone  
  168  13:04  Terran Vehicle Weapons Level 3  
  165  13:06  Hellion x2, SCV x3  
  165  13:10  Engineering Bay  
  165  13:12  Refinery  
  172  13:17  Terran Vehicle And Ship Armor Level 3, SCV  
  172  13:18  SCV x2  
  175  13:25  Cyclone x2  
  179  13:28  Cyclone  
  179  13:31  Cyclone  
  179  13:34  Hellion x3  
  191  13:40  Planetary Fortress  
  191  13:46  Missile Turret  
  191  13:48  Cyclone  
  191  13:50  Sensor Tower  
  194  14:01  Cyclone, Smart Servos  
  200  14:02  Cyclone  
  200  14:04  Drilling Claws  
  200  14:07  Widow Mine  
  200  14:08  Widow Mine  
  200  14:09  Widow Mine  
  193  14:11  Widow Mine x2  
  193  14:13  Widow Mine  
  152  14:20  Cyclone  
  152  14:23  Cyclone  
  127  14:32  Cyclone  
  127  14:33  Hellion x2  
  127  14:34  Hellion x4  
  140  14:42  Cyclone  
  140  14:43  Cyclone, Command Center  
  146  14:54  Cyclone  
  146  14:56  Cyclone  
  152  15:00  Widow Mine x5  
  152  15:04  Widow Mine  
  160  15:11  Hellion  
  162  15:19  Cyclone x2  
  168  15:26  Cyclone  
  177  15:28  Widow Mine x3  
  177  15:29  Widow Mine x2  
  177  15:35  SCV x4  
  185  15:43  Missile Turret  
  187  15:50  Cyclone x2, Widow Mine  
  187  15:51  Cyclone  
  194  16:01  Widow Mine x2  
  193  16:19  SCV x2  
  193  16:25  Cyclone x3  
  198  16:34  Command Center  
  196  16:42  Planetary Fortress  
  196  16:44  Refinery x2, SCV x4  
  200  16:59  Cyclone x2  
  193  17:12  Cyclone x2  
  193  17:13  Cyclone, Widow Mine x2  
  193  17:14  Widow Mine x2  
  182  17:19  Widow Mine x2  
  180  17:23  SCV x3  
  180  17:24  SCV  
  184  17:31  Cyclone  
  184  17:32  Cyclone  
  187  17:42  SCV x2  
  189  17:44  Cyclone  
  189  17:45  Cyclone  
  189  17:46  Sensor Tower  
  189  17:47  Widow Mine x2  
  199  18:22  Planetary Fortress  
  199  18:32  Cyclone x4  
  188  18:34  Cyclone  
  188  18:35  Widow Mine x2  
  188  18:36  Widow Mine x2  
  188  18:37  SCV x4  
  181  18:53  Widow Mine x2  
  173  18:57  Widow Mine x3  
  180  19:02  SCV  
  180  19:03  SCV x3  
  180  19:04  Cyclone x4  
  180  19:05  Missile Turret  
  180  19:06  Cyclone  
  198  19:14  Command Center  
  198  19:22  Widow Mine  
  198  19:23  Widow Mine x2  
  194  19:24  Widow Mine  
  180  19:35  Widow Mine  
  180  19:36  Cyclone x4, Widow Mine  
  196  19:38  Cyclone  
  184  19:57  Widow Mine x3  
  153  20:08  Cyclone x4  
  153  20:10  Cyclone  
  153  20:12  Command Center  
  166  20:17  Widow Mine x2  
  144  20:36  Hellion  
  144  20:37  Hellion x3  
  144  20:39  Hellion x2  
  144  20:40  Cyclone x4  
  157  20:44  SCV x3  
  160  20:51  Cyclone  
  163  20:58  Missile Turret  
  163  21:07  Hellion x4  
  171  21:12  Cyclone x2  
  171  21:15  Widow Mine x2  
  171  21:16  Hellion  
  183  21:22  Cyclone  
  183  21:25  Cyclone  
  152  21:34  Planetary Fortress  
  152  21:38  Cyclone  
  152  21:39  Widow Mine x2  
  156  21:42  Widow Mine x2  
  156  21:44  Cyclone x2  
  168  21:47  Widow Mine x2  
  170  21:54  Widow Mine  
  170  21:57  Cyclone  
  171  22:10  Cyclone  
  171  22:15  Cyclone  
  171  22:16  Cyclone x2  
  171  22:18  Hellion x2  
  181  22:24  Orbital Command, Widow Mine  
  181  22:25  Widow Mine  
  181  22:29  Cyclone  
  174  22:45  Orbital Command  
  162  23:01  Cyclone  
  162  23:02  Cyclone x4, Widow Mine  
  162  23:03  Widow Mine x3  
  162  23:04  Widow Mine  
  175  23:09  Widow Mine  
  149  23:33  Cyclone, Hellion x4  
  149  23:34  Cyclone, Hellion  
  144  23:48  Hellion x2  
Tags
 
Add a new tag
Caveats
  • Supply blocks, unpowered buildings, or Contaminate may cause inaccurate times.
  • Supply counts are checked every 10 seconds.